 Dungeon Crawl Stone Soup version 0.23.0 (webtiles) character file.

Game seed: 15588084354467751494

258 snowfan the Firebug (level 6, -9/44 HPs)
             Began as a Gnoll Fire Elementalist on Feb 13, 2019.
             Mangled by a hornet zombie (12 damage)
             ... on level 6 of the Dungeon.
             The game lasted 00:12:05 (2138 turns).

snowfan the Firebug (Gnoll Fire Elementalist)       Turns: 2138, Time: 00:12:06

Health: -9/44      AC:  4    Str: 10    XL:     6   Next: 16%
Magic:  1/13       EV: 15    Int: 19    God:
Gold:   109        SH:  0    Dex: 16    Spells: 6/15 levels left

rFire    . . .     SeeInvis .   e - +0 dagger
rCold    . . .     Gourm    .   (no shield)
rNeg     . . .     Faith    .   a - +0 robe
rPois    .         Spirit   .   (no helmet)
rElec    .         Reflect  .   (no cloak)
rCorr    .         Harm     .   k - +1 pair of gloves
MR       .....                  (no boots)
Stlth    +++.......             (no amulet)
HPRegen  0.14/turn              (no ring)
MPRegen  0.13/turn              (no ring)

@: no status effects
A: distributed training, fangs 1, strong nose
a: no special abilities


You were on level 6 of the Dungeon.
You were not hungry.

You visited 1 branch of the dungeon, and saw 6 of its levels.

You collected 109 gold pieces.

Inventory:

Hand Weapons
 e - a +0 dagger (weapon)
Missiles
 g - 47 stones (quivered)
 h - 27 sling bullets
 l - 3 needles of confusion
Armour
 a - a +0 robe (worn)
 k - a +1 pair of gloves (worn)
Wands
 r - a wand of enslavement (8)
Scrolls
 b - a scroll of enchant armour {unknown}
 f - a scroll of blinking {unknown}
 j - a scroll of enchant weapon {unknown}
 m - 2 scrolls of teleportation {unknown}
 n - a scroll of magic mapping {unknown}
 o - 2 scrolls of amnesia {unknown}
 p - 3 scrolls of identify {unknown}
 u - a scroll of fear {unknown}
Potions
 d - a potion of ambrosia {unknown}
 i - a potion of resistance {unknown}
 q - a potion of curing {unknown}
 s - a potion of berserk rage {unknown}
Comestibles
 c - 11 rations


   Skills:
 + Level 1.8 Fighting
 + Level 1.8 Short Blades
 + Level 1.8 Long Blades
 + Level 1.8 Axes
 + Level 1.8 Maces & Flails
 + Level 1.8 Polearms
 + Level 1.8 Staves
 + Level 1.8 Slings
 + Level 1.8 Bows
 + Level 1.8 Crossbows
 + Level 1.8 Throwing
 + Level 1.8 Armour
 + Level 4.9 Dodging
 + Level 4.5 Stealth
 + Level 1.8 Shields
 + Level 1.8 Unarmed Combat
 + Level 5.3 Spellcasting
 + Level 2.5 Conjurations
 + Level 1.4 Hexes
 + Level 1.4 Charms
 + Level 1.4 Summonings
 + Level 1.4 Necromancy
 + Level 1.4 Translocations
 + Level 1.4 Transmutations
 + Level 5.6 Fire Magic
 + Level 1.4 Ice Magic
 + Level 1.4 Air Magic
 + Level 1.4 Earth Magic
 + Level 1.4 Poison Magic
 + Level 2.0 Invocations
 + Level 1.8 Evocations


You had 6 spell levels left.
You knew the following spells:

 Your Spells              Type           Power        Failure   Level  Hunger
a - Flame Tongue          Conj/Fire      ###..        2%          1    None
d - Conjure Flame         Conj/Fire      ###.....     7%          3    ##.....
s - Throw Flame           Conj/Fire      ###...       3%          2    None
x - Inner Flame           Hex/Fire       ###.....     9%          3    ##.....

Your spell library contained the following spells:

 Spells                   Type           Power        Failure   Level  Hunger
 Sticky Flame             Conj/Fire      ###.....     22%         4    ####...
 Fireball                 Conj/Fire      ###.......   52%         5    #####..


Dungeon Overview and Level Annotations

Branches:
Dungeon (6/15)
 Temple: D:4-7

Altars:
Trog

Annotations:
D:5 Dowan


Innate Abilities, Weirdness & Mutations

Your experience applies equally to all skills.
You have very sharp teeth.
Your uncanny sense of smell can sniff out nearby items.


Message History

Aim: a hornet zombie (almost destroyed)
The flame tongue hits the hornet zombie.
The hornet zombie is almost destroyed.
The hornet zombie hits you!
* * * LOW HITPOINT WARNING * * *
Casting: Flame Tongue (safe; 2% risk of failure)
Confirm with . or Enter, or press ? or * to list all spells.
Aiming: Flame Tongue (safe; 2% risk of failure)
Press: ? - help, Shift-Dir - straight line, f/p - hornet zombie
Aim: a hornet zombie (almost destroyed)
The flame tongue misses the hornet zombie.
The hornet zombie closely misses you.
Casting: Flame Tongue (safe; 2% risk of failure)
Confirm with . or Enter, or press ? or * to list all spells.
Aiming: Flame Tongue (safe; 2% risk of failure)
Press: ? - help, Shift-Dir - straight line, f/p - hornet zombie
Aim: a hornet zombie (almost destroyed)
The flame tongue misses the hornet zombie.
The hornet zombie hits you!
You die...

#... #... #... ####...
....... ....[..
.......################
..............Z@.......
......#################
....( .... ###


You could see a hornet zombie.

Vanquished Creatures
  An ogre (D:4)
  2 iguanas (D:4)
  2 worker ants (D:4)
  2 adders
  An ooze (D:4)
  A dart slug (D:2)
  A worm (D:2)
  2 leopard geckos
  3 orcs (D:4)
  4 giant cockroaches
  5 hobgoblins
  3 kobolds (D:1)
  2 bats (D:1)
  3 frilled lizards
  10 goblins
  7 rats
49 creatures vanquished.

Notes
Turn   | Place    | Note
-------+----------+-------------------------------------------
     0 | D:1      | snowfan the Gnoll Fire Elementalist began the quest for the
                  | Orb.
     0 | D:1      | Reached XP level 1. HP: 13/13 MP: 6/6
   200 | D:1      | Reached XP level 2. HP: 18/19 MP: 4/7
   633 | D:2      | Reached XP level 3. HP: 22/25 MP: 6/9
   641 | D:2      | Reached skill level 5 in Spellcasting
   723 | D:2      | Reached skill level 1 in Invocations
  1181 | D:1      | Reached skill level 1 in Fighting
  1181 | D:1      | Reached skill level 1 in Short Blades
  1181 | D:1      | Reached skill level 1 in Long Blades
  1181 | D:1      | Reached skill level 1 in Axes
  1181 | D:1      | Reached skill level 1 in Maces & Flails
  1181 | D:1      | Reached skill level 1 in Polearms
  1181 | D:1      | Reached skill level 1 in Staves
  1181 | D:1      | Reached skill level 1 in Slings
  1181 | D:1      | Reached skill level 1 in Bows
  1181 | D:1      | Reached skill level 1 in Crossbows
  1181 | D:1      | Reached skill level 1 in Throwing
  1181 | D:1      | Reached skill level 1 in Armour
  1181 | D:1      | Reached skill level 1 in Shields
  1181 | D:1      | Reached skill level 1 in Unarmed Combat
  1181 | D:1      | Reached skill level 1 in Evocations
  1214 | D:2      | Noticed a scorpion
  1250 | D:3      | Found a bloodstained altar of Trog.
  1336 | D:4      | Reached XP level 4. HP: 28/32 MP: 6/11
  1388 | D:5      | Entered Level 5 of the Dungeon
  1400 | D:5      | Noticed Dowan
  1411 | D:5      | Noticed an ogre
  1447 | D:4      | Learned a level 3 spell: Conjure Flame
  1521 | D:4      | Learned a level 2 spell: Throw Flame
  1525 | D:4      | Learned a level 3 spell: Inner Flame
  1572 | D:4      | Reached skill level 1 in Hexes
  1572 | D:4      | Reached skill level 1 in Charms
  1572 | D:4      | Reached skill level 1 in Summonings
  1572 | D:4      | Reached skill level 1 in Necromancy
  1572 | D:4      | Reached skill level 1 in Translocations
  1572 | D:4      | Reached skill level 1 in Transmutations
  1572 | D:4      | Reached skill level 1 in Ice Magic
  1572 | D:4      | Reached skill level 1 in Air Magic
  1572 | D:4      | Reached skill level 1 in Earth Magic
  1572 | D:4      | Reached skill level 1 in Poison Magic
  1596 | D:4      | Reached XP level 5. HP: 35/37 MP: 9/12
  1883 | D:4      | Killed an ogre
  1883 | D:4      | Reached XP level 6. HP: 13/44 MP: 6/13
  2138 | D:6      | Mangled by a hornet zombie

Skill      XL: |  1  2  3  4  5 |
---------------+----------------+-----
Conjurations   | 2 |  2.5
Spellcasting   | 5 |  5.3
Invocations    | 1 2 |  2.0
Fighting       | 1 |  1.8
Short Blades   | 1 |  1.8
Long Blades    | 1 |  1.8
Axes           | 1 |  1.8
Maces & Flails | 1 |  1.8
Polearms       | 1 |  1.8
Staves         | 1 |  1.8
Slings         | 1 |  1.8
Bows           | 1 |  1.8
Crossbows      | 1 |  1.8
Throwing       | 1 |  1.8
Armour         | 1 |  1.8
Shields        | 1 |  1.8
Unarmed Combat | 1 |  1.8
Evocations     | 1 |  1.8
Hexes          | 1 |  1.4
Charms         | 1 |  1.4
Summonings     | 1 |  1.4
Necromancy     | 1 |  1.4
Translocations | 1 |  1.4
Transmutations | 1 |  1.4
Ice Magic      | 1 |  1.4
Air Magic      | 1 |  1.4
Earth Magic    | 1 |  1.4
Poison Magic   | 1 |  1.4
Dodging        | |  4.9
Stealth        | |  4.5
Fire Magic     | |  5.6

Action                   |  1- 3 |  4- 6 || total
-------------------------+-------+-------++-------
Melee: Dagger            |    10 |     2 ||    12
 Cast: Flame Tongue      |    47 |    35 ||    82
       Conjure Flame     |       |     1 ||     1
       Throw Flame       |       |     8 ||     8
 Stab: Sleeping          |     5 |     1 ||     6
  Eat: Chunk             |     1 |     3 ||     4
Armor: Robe              |     6 |     3 ||     9
Dodge: Dodged            |    21 |    20 ||    41
